 Seeded DCSS version 0.30.1-4-g462c640d31 (webtiles) character file.

Game seed: 920673320228942481 (custom seed)

3652 CarvArkoylaein the Carver (level 9, -1/81 HPs)
             Began as a Minotaur Fighter on Sept 5, 2023.
             Was an Initiate of Gozag.
             Slain by a yak (10 damage)
             ... on level 8 of the Dungeon.
             The game lasted 00:26:58 (5876 turns).

CarvArkoylaein the Carver (Minotaur Fighter)        Turns: 5876, Time: 00:26:58

Health: -1/81      AC:  9    Str: 29    XL:     9   Next: 88%
Magic:  10/10      EV: 11    Int:  5    God:    Gozag
Gold:   1003       SH:  0    Dex: 11    Spells: 9/11 levels left

rFire   . . .        j - +8 great sword of Uncertain Death {flame, rN+}
rCold   x . .        (shield currently unavailable)
rNeg    + . .        b - +0 scale mail
rPois   +            (helmet restricted)
rElec   .            (no cloak)
rCorr   +            (no gloves)
SInv    .            k - +0 pair of boots "Wuguv" {rPois rC- Str+5}
Will    .....        y - amulet of the acrobat Stlth
                     p - ring of resist corrosion
HPRegen 0.33/turn    (no ring)
MPRegen 0.12/turn

%: acrobat
@: mighty
A: horns 2, retaliatory headbutt
a: Renounce Religion, Potion Petition, Call Merchant, Bribe Branch


You were on level 8 of the Dungeon.
You worshipped Gozag.
Gozag was most pleased with you.
You visited 1 branch of the dungeon, and saw 8 of its levels.

You collected 1137 gold pieces.
You paid 134 gold pieces to Gozag.

Inventory:

Hand Weapons
 a - a +0 war axe
 j - the +8 great sword of Uncertain Death (weapon) {flame, rN+}
   (You acquired it on level 1 of the Dungeon)

   rN:        It protects you from negative energy.
 A - a +4 scythe of venom
Armour
 b - a +0 scale mail (worn)
 c - a +0 buckler
 k - the +0 pair of boots "Wuguv" (worn) {rPois rC- Str+5}
   (You acquired it on level 1 of the Dungeon)

   Str:       It affects your strength (+5).
   rC:        It makes you vulnerable to cold.
   rPois:     It protects you from poison.
Jewellery
 i - a ring of wizardry
 p - a ring of resist corrosion (left hand)
 y - an amulet of the acrobat (around neck)
Wands
 w - a wand of paralysis (3)
Scrolls
 e - 2 scrolls of teleportation
 l - a scroll of amnesia
 m - 2 scrolls of fog
 r - a scroll of fear
 v - a scroll of poison {unknown}
 B - a scroll of enchant armour {unknown}
 D - 2 scrolls of enchant weapon {unknown}
Potions
 d - 2 potions of might
 f - 2 potions of cancellation {unknown}
 g - a potion of mutation {unknown}
 h - 2 potions of resistance {unknown}
 n - a potion of lignification {unknown}
 q - a potion of brilliance {unknown}
 s - 3 potions of degeneration {unknown}
 u - a potion of invisibility {unknown}
 x - 3 potions of curing {unknown}
 z - a potion of ambrosia {unknown}
 C - 2 potions of attraction


   Skills:
 + Level 8.0 Fighting
 + Level 11.8 Long Blades
 + Level 3.0 Axes
 + Level 8.0 Armour
 + Level 3.5 Dodging
 + Level 0.3 Stealth
 + Level 3.9 Shields
 + Level 1.5 Spellcasting
 + Level 0.2 Conjurations
 + Level 1.0 Necromancy
 + Level 1.3 Earth Magic


You had 9 spell levels left.
You knew the following spells:

 Your Spells              Type           Power      Damage    Failure   Level
a - Kiss of Death         Conj/Necr      4%         2d5       56%         1
b - Sandblast             Erth           2%         2d4       45%         1

Your spell library contained the following spells:

 Spells                   Type           Power      Damage    Failure   Level
 Foxfire                  Conj/Fire      0%         2x1d4     63%         1
 Passwall                 Tmut/Erth      0%         N/A       71%         2
 Blink                    Tloc           0%         N/A       80%         2
 Vampiric Draining        Necr           1%         2d6       86%         3
 Stone Arrow              Conj/Erth      2%         3d7       88%         3
 Dazzling Flash           Conj/Hex       0%         N/A       94%         3
 Confusing Touch          Hex            0%         N/A       95%         3
 Dispel Undead            Necr           1%         3d6       99%         4
 Manifold Assault         Tloc           0%         N/A       100%        4
 Summon Lightning Spire   Summ/Air       0%         N/A       100%        4
 Borgnjor's Vile Clutch   Necr/Erth      0%         N/A       100%        5
 Fireball                 Conj/Fire      0%         3d3       100%        5
 Plasma Beam              Fire/Air       0%         2x1d11    100%        6
 Starburst                Conj/Fire      0%         6d3       100%        6
 Storm Form               Tmut/Air       0%         N/A       100%        7
 Borgnjor's Revivificati  Necr           0%         N/A       100%        8
 Maxwell's Capacitive Co  Air            0%         ∞         100%        8


Dungeon Overview and Level Annotations

Branches:
Dungeon (8/15)
 Temple: D:4-7         Lair: D:8-11

Altars:
Ashenzari
Fedhas
Gozag
Makhleb
Zin

Shops:
D:3 *:

Annotations:
D:2 1 runed translucent door, Crazy Yiuf
D:8 Grum


Innate Abilities, Weirdness & Mutations

You have a pair of horns on your head.
You reflexively headbutt those who attack you in melee.


Message History

Grum hits you from afar with a -1 spear of freezing!
Grum freezes you.
The yak is distracted by your dazzling golden aura.
The yak gores you!
The yak is distracted by your dazzling golden aura.
You slice the yak!! You burn the yak.
You kill the yak!
The yak is no longer distracted by gold.
Grum is distracted by your dazzling golden aura.
The yak gores you!
Grum growls angrily.
Your Fighting skill increases to level 8!
You feel much better. The yak gores you! The yak gores you.
You closely miss the yak. Your headbutt misses the yak.
The yak completely misses you. x2; You furiously retaliate!
You headbutt the yak.
You kill the yak!
Your Armour skill increases to level 8!
You completely miss the yak. The yak gores you but does no damage.
The yak barely misses you. You furiously retaliate!
You headbutt the yak. The yak barely misses you. The yak gores you.
You barely miss the yak.
Grum is no longer distracted by gold.
Grum closely misses you. The yak gores you! x2
* * * LOW HITPOINT WARNING * * *
You feel very mighty all of a sudden. The yak gores you!
* * * LOW HITPOINT WARNING * * *
You closely miss the yak. You headbutt the yak.
The yak is moderately wounded.
The yak gores you but does no damage. The yak closely misses you.
You slash the yak! You burn the yak.
The yak is heavily wounded.
Grum hits you from afar with a -1 spear of freezing.
* * * LOW HITPOINT WARNING * * *
Grum freezes you.
* * * LOW HITPOINT WARNING * * *
The yak closely misses you. You furiously retaliate!
You headbutt the yak. The yak gores you!
You die...
Your body crumbles into a pile of gold.

#### ... ## ##.. P.#
#.. ~..#
#############.# ~~~~.
##...........#.#♣≈~~~..
#....#######.@Yg$~~§§..
#♣♣♣.#########Y#$..§§§.
#.........# #.##..§§.>
#..PP.#.#.# #.. ......
#.##.## # #### ##.#.
#.##... # #.##.##.#
####.##.....#
...........##


You could see Grum and 2 yaks.

Vanquished Creatures
  Sigmund (D:4)
  4 yaks (D:8)
  2 steam dragons
  A water moccasin (D:4)
  Duvessa (D:7)
  A sky beast (D:7)
  2 black bears
  An orc warrior (D:7)
  An ice beast (D:8)
  A centaur (D:6)
  2 wolves (D:8)
  A phantom (D:6)
  2 kobold brigands
  Blork the orc (D:4)
  A gnoll sergeant (D:7)
  7 scorpions
  3 bullfrogs
  Dowan (D:7)
  8 killer bees (D:7)
  3 hounds
  Natasha (twice) (D:2)
  3 orc wizards
  Robin (D:4)
  6 gnolls
  4 adders
  3 white imps
  A worm (D:3)
  2 dart slugs
  14 orcs
  7 endoplasms
  2 giant cockroaches
  9 goblins
  7 hobgoblins
  2 quokkas
  9 ball pythons
  4 bats
  17 kobolds
  4 rats
141 creatures vanquished.

Notes
Turn   | Place    | Note
-------+----------+-------------------------------------------
     0 | D:1      | CarvArkoylaein the Minotaur Fighter began the quest for the
                  | Orb.
     0 | D:1      | Reached XP level 1. HP: 19/19 MP: 0/0
   384 | D:1      | Identified 3 scrolls of acquirement
   384 | D:1      | Acquired 690 gold pieces
   385 | D:1      | Acquired the +8 great sword of Uncertain Death {flame, rN+}
   386 | D:1      | Acquired the +0 pair of boots "Wuguv" {rPois rC- Str+5}
   722 | D:1      | Reached XP level 2. HP: 27/27 MP: 1/1
  1452 | D:2      | Found a runed translucent door.
  1453 | D:2      | Noticed Crazy Yiuf
  1638 | D:2      | Reached skill level 1 in Long Blades
  1656 | D:2      | Noticed Natasha
  1661 | D:2      | Killed Natasha
  1662 | D:2      | Reached XP level 3. HP: 17/33 MP: 2/2
  1758 | D:2      | Reached skill level 2 in Long Blades
  1969 | D:2      | Noticed Natasha
  1974 | D:2      | Killed Natasha
  1975 | D:2      | Reached skill level 3 in Long Blades
  1975 | D:2      | Reached XP level 4. HP: 38/40 MP: 3/3
  2156 | D:3      | Found Xyxiz's Assorted Antiques.
  2227 | D:3      | Found Rylak's Book Boutique.
  2865 | D:4      | Noticed a black bear
  2869 | D:4      | Killed a black bear
  2870 | D:4      | Reached skill level 4 in Long Blades
  2870 | D:4      | Reached XP level 5. HP: 28/47 MP: 4/4
  2951 | D:4      | Got the Precepts of Hapless Last Rites
  2954 | D:4      | Learned a level 1 spell: Kiss of Death
  2997 | D:4      | Reached skill level 5 in Long Blades
  2997 | D:4      | Reached XP level 6. HP: 53/53 MP: 3/5
  3147 | D:4      | Noticed Robin
  3154 | D:4      | Killed Robin
  3239 | D:4      | Reached skill level 5 in Fighting
  3263 | D:4      | Noticed Blork the orc
  3269 | D:4      | Killed Blork the orc
  3270 | D:4      | Reached skill level 5 in Armour
  3270 | D:4      | Reached skill level 1 in Dodging
  3452 | D:4      | Noticed a water moccasin
  3456 | D:4      | Killed a water moccasin
  3457 | D:4      | Reached skill level 6 in Long Blades
  3457 | D:4      | Reached XP level 7. HP: 60/61 MP: 6/6
  3599 | D:4      | Noticed Sigmund
  3609 | D:4      | Killed Sigmund
  3610 | D:4      | Reached skill level 7 in Long Blades
  3953 | D:5      | Entered Level 5 of the Dungeon
  4183 | D:5      | Reached XP level 8. HP: 70/70 MP: 7/7
  4209 | D:5      | You fall into a shaft and drop 1 floor!
  4226 | D:6      | Reached skill level 8 in Long Blades
  4230 | D:6      | Found a burning altar of Makhleb.
  4368 | D:6      | Reached skill level 9 in Long Blades
  4576 | D:7      | Learned a level 1 spell: Sandblast
  4629 | D:7      | Found a blossoming altar of Fedhas.
  4703 | D:7      | Reached skill level 1 in Spellcasting
  4705 | D:7      | Noticed Dowan
  4707 | D:7      | Reached skill level 1 in Necromancy
  4713 | D:7      | Killed Dowan
  4716 | D:7      | Noticed Duvessa
  4723 | D:7      | Killed Duvessa
  4724 | D:7      | Reached skill level 10 in Long Blades
  4724 | D:7      | Reached XP level 9. HP: 48/79 MP: 9/9
  4857 | D:7      | Found an opulent altar of Gozag.
  4861 | D:7      | Became a worshipper of Gozag Ym Sagoz the Greedy
  5191 | D:7      | Found a broken altar of Ashenzari.
  5242 | D:7      | Reached skill level 1 in Earth Magic
  5589 | D:7      | Found a glowing silver altar of Zin.
  5856 | D:8      | Reached skill level 11 in Long Blades
  5857 | D:8      | Noticed Grum
  5876 | D:8      | Slain by a yak

Illustrated notes

Levels and vault maps discovered:
D:1:      dpeg_arrival_orchard, layout_basic
D:2:      layout_loops_corners, uniq_natasha, uniq_crazy_yiuf_cottage
D:3:      layout_basic, serial_shops, nicolae_shop_stone, shop
D:4:      layout_basic, nicolae_figureground_sparkle, uniq_sigmund, uniq_robin,
          uniq_blork_the_orc
D:5:      layout_cave_pools, nicolae_ru_path_of_blood, minmay_quadrilaterals,
          uniq_menkaure, uniq_ijyb
D:6:      cheibrodos_barr_body, layout_rooms, lemuel_doored_altar,
          minmay_temple_entry_large_hall, hangedman_decor_growths,
          minmay_fractal_squares_gapless_5
D:7:      layout_basic, mainiacjoe_overflow_big_doors, lemuel_tele_altar,
          zin_scriptorium, nicolae_figureground_pulse, uniq_duvessa
D:8:      layout_loops_cross, minmay_lair_entry_grove, serial_demonic,
          serial_demonic_f, serial_demonic_e, serial_demonic_b,
          serial_demonic_d, serial_demonic_g, serial_demonic_f, uniq_pikel,
          uniq_joseph, uniq_grum, uniq_erica

Skill      XL: |  1  2  3  4  5  6  7  8  9 |
---------------+----------------------------+-----
Fighting       | 4 5 6 7 8 |  8.0
Long Blades    | 1 3 4 5 6 7 10 11 | 11.8
Axes           | 3 |  3.0
Armour         | 4 5 6 8 |  8.0
Dodging        | 1 3 |  3.5
Spellcasting   | 1 |  1.5
Necromancy     | 1 |  1.0
Earth Magic    | 1 |  1.3
Stealth        | |  0.3
Shields        | |  3.9
Conjurations   | |  0.2

Action                     |  1- 3 |  4- 6 |  7- 9 || total
---------------------------+-------+-------+-------++-------
  Melee: War axe           |     6 |       |       ||     6
         Great sword       |    27 |    55 |   154 ||   236
         Headbutt          |     1 |    13 |    21 ||    35
   Cast: Kiss of Death     |       |       |     1 ||     1
         Sandblast         |       |       |     2 ||     2
    Use: Scroll            |     3 |       |     8 ||    11
         Potion            |       |       |     5 ||     5
 Armour: Scale mail        |    17 |    27 |    72 ||   116
  Dodge: Dodged            |    16 |    39 |   157 ||   212
